 Dungeon Crawl Stone Soup version bcrawl-1.28.1b (webtiles) character file.

Game seed: 192928408954269159

274969 KristoblXynda the Carver (level 9, -3/67 HPs)
             Began as a Purple Draconian Skald on Dec 13, 2020.
             Was an Initiate of Ashenzari.
             Incinerated by a deep elf mage (7 damage)
             ... with a sticky flame
             ... on level 7 of the Dungeon.
             The game lasted 00:12:46 (6340 turns).

KristoblXynda the Carver (Purple Draconian Skald)   Turns: 6340, Time: 00:12:47

Health: -3/67      AC:  9    Str: 13    XL:     9   Next: 30%
Magic:  12/12      EV: 15    Int: 16    God:    Ashenzari [......]
Gold:   139        SH:  2    Dex: 12    Spells: 4/12 levels left

rFire    . . .     SeeInvis .   A - +4 long sword (slice) (curse)
rCold    . . .     Gourm    .   (no shield)
rNeg     . . .     Faith    .   (armour unavailable)
rPois    +         Spirit   .   (helmet restricted)
rElec    .         Reflect  .   w - +0 cloak
rCorr    .         Harm     .   p - +0 pair of gloves
MR       +....                  (no boots)
Stlth    ++........             d - amulet of magic regeneration
HPRegen  0.21/turn              h - ring of poison resistance (curse)
MPRegen  0.38/turn              t - ring of stealth

@: liquid flames, glowing
A: breathe power, unfitting armour, cold-blooded, AC +7
a: Breathe Dispelling Energy, Curse Item, Renounce Religion


You were on level 7 of the Dungeon.
You worshipped Ashenzari.
Ashenzari was noncommittal.
You were not hungry.

You visited 1 branch of the dungeon, and saw 7 of its levels.
You also visited: Sewer.

You collected 565 gold pieces.
You spent 426 gold pieces at shops.

Inventory:

Hand Weapons
 A - a cursed +4 long sword of slicing (weapon)
Armour
 p - a +0 pair of gloves (worn)
 w - a +0 cloak (worn)
Jewellery
 d - an amulet of magic regeneration (around neck)
 h - a cursed ring of poison resistance (left hand)
 t - a ring of stealth (right hand)
Wands
 x - a wand of iceblast (6)
 z - a wand of clouds (3)
Scrolls
 b - 6 scrolls of teleportation
 c - 4 scrolls of fear
 i - 4 scrolls of remove curse
 j - a scroll of blinking {unknown}
 l - 4 scrolls of magic mapping
 m - a scroll of enchant armour {unknown}
 n - 2 scrolls of enchant weapon {unknown}
 q - 2 scrolls of amnesia
Potions
 f - a potion of resistance
 g - a potion of agility {unknown}
 r - a potion of ambrosia {unknown}
 s - 2 potions of brilliance
 u - a potion of haste {unknown}
 v - a potion of magic {unknown}
Comestibles
 a - a chunk of flesh
 e - 10 rations {!d}


   Skills:
 - Level 2.1 Fighting
 * Level 9.2 Long Blades
 + Level 6.1 Dodging
 - Level 2.4 Spellcasting
 + Level 7.7 Charms


You had 4 spell levels left.
You knew the following spells:

 Your Spells              Type           Power        Failure   Level  Hunger
a - Spectral Weapon       Hex/Chrm       ##......     12%         3    ####...
b - Song of Slaying       Chrm           ####....     1%          2    ##.....
c - Regeneration          Chrm/Necr      ##........   12%         3    ####...

Your spell library contained the following spells:

 Spells                   Type           Power        Failure   Level  Hunger
 Infusion                 Chrm           ####....     1%          1    None
 Ozocubu's Armour         Chrm/Ice       ##......     12%         3    ####...


Dungeon Overview and Level Annotations

Branches:
Dungeon (7/12)             Temple (0/1) D:6
   Lair: D:7-9

Altars:
Ashenzari
Cheibriados
Dithmenos
Qazlal
Zin
The Shining One

Shops:
D:4 *   D:6 (


Innate Abilities, Weirdness & Mutations

You can breathe bolts of dispelling energy.
Your rich purple scales are hard. (AC +7)
You cannot fit into any form of body armour.
You are cold-blooded and may be slowed by cold attacks.


Message History

The deep elf mage casts a spell at you. The sticky flame hits you.
You are covered in liquid flames!
* * * LOW HITPOINT WARNING * * *
No path to travel!
Evoke which item? (* to show all) (? for menu, Esc to quit)
Aiming: Iceblast
Press: ? - help, Shift-Dir - straight line, f/p - deep elf mage
Aim: a deep elf mage, wielding a +0 rapier (severely wounded)
The mass of ice explodes!
The iceblast engulfs the deep elf mage!
You kill the deep elf mage!
You are covered in liquid flames!
* * * LOW HITPOINT WARNING * * *
Your Long Blades skill increases to level 9!
Your Dodging skill increases to level 6!
No path to travel!
You are on fire!
Okay, then.
You are covered in liquid flames!
You die...

.. #..(. ......
#.##.#.## ###...#.
#.......# .......
#.......######...#
## #.......)..
...## #...!...#
#.......#
#.......#
#.###@#.#
#.......#
#####.### ... ...
#...# >..## ...#


There were no monsters in sight!

Vanquished Creatures
  A deep elf mage (D:7)
  A centaur skeleton (D:6)
  Sigmund (D:2)
  2 orc warriors (D:6)
  An ice beast (D:5)
  A phantom (D:5)
  An ogre (D:4)
  A big kobold (Sewer)
  A bullfrog (D:6)
  A howler monkey (D:5)
  2 crimson imps (D:4)
  2 hounds
  A quasit (D:6)
  6 orc priests
  A bullfrog skeleton (D:5)
  5 orc wizards
  Jessica (D:2)
  An iguana (D:4)
  5 worker ants
  11 adders
  9 gnolls
  A howler monkey skeleton (D:5)
  3 oozes
  An adder skeleton (D:6)
  8 worms
  9 dart slugs
  6 leopard geckos
  25 orcs
  7 ball pythons
  4 bats
  5 giant cockroaches
  7 hobgoblins
  16 jackals
  3 quokkas
  2 frilled lizards
  8 goblins
  16 kobolds
  9 rats
185 creatures vanquished.

Notes
Turn   | Place    | Note
-------+----------+-------------------------------------------
     0 | D:1      | KristoblXynda the Draconian Skald began the quest for the
                  | Orb.
     0 | D:1      | Reached XP level 1. HP: 17/17 MP: 3/3
    82 | D:1      | Reached XP level 2. HP: 13/24 MP: 5/5
   371 | D:1      | Reached XP level 3. HP: 22/29 MP: 6/6
   528 | D:1      | Reached skill level 3 in Long Blades
   942 | D:2      | Noticed Sigmund
   967 | D:2      | Killed Sigmund
   968 | D:2      | Reached skill level 4 in Long Blades
   968 | D:2      | Reached XP level 4. HP: 35/36 MP: 7/7
   968 | D:2      | Reached XP level 5. HP: 40/41 MP: 8/8
  1075 | D:2      | Learned a level 2 spell: Song of Slaying
  1079 | D:2      | Learned a level 3 spell: Regeneration
  1398 | D:2      | Found a shadowy altar of Dithmenos.
  1482 | D:2      | Reached XP level 6. HP: 40/48 MP: 9/9
  1578 | D:2      | Noticed Jessica
  1588 | D:2      | Killed Jessica
  2280 | D:3      | Reached skill level 5 in Long Blades
  2594 | D:4      | Found a glowing drain.
  2660 | Sewer    | Entered a sewer
  2982 | Sewer    | Your scales start taking on a rich purple colour.
  2982 | Sewer    | Reached skill level 5 in Charms
  2982 | Sewer    | Reached XP level 7. HP: 48/55 MP: 10/10
  3213 | D:4      | Found Rewaywar's General Store.
  3223 | D:4      | Bought a +0 cloak for 49 gold pieces
  3267 | D:4      | Reached skill level 6 in Long Blades
  3728 | D:5      | Entered Level 5 of the Dungeon
  3894 | D:5      | Learned a level 3 spell: Spectral Weapon
  4326 | D:5      | Reached XP level 8. HP: 15/61 MP: 11/11
  4512 | D:5      | Reached skill level 7 in Long Blades
  4642 | D:5      | Found a stormy altar of Qazlal.
  4643 | D:5      | Found a shattered altar of Ashenzari.
  4643 | D:5      | Found a glowing silver altar of Zin.
  4652 | D:5      | Became a worshipper of Ashenzari the Shackled
  5035 | D:6      | Reached skill level 5 in Dodging
  5607 | D:6      | Found Jitaj's Antique Weapon Shop.
  5607 | D:6      | Found a staircase to the Ecumenical Temple.
  5632 | D:6      | Reached skill level 8 in Long Blades
  5666 | D:6      | Bought a transparent short sword for 208 gold pieces
  5666 | D:6      | Bought a runed long sword for 169 gold pieces
  5675 | D:6      | Identified the cursed +1 short sword of Crystal {venom,
                  | MP+9 Stlth+} (You bought it in a shop on level 6 of the
                  | Dungeon)
  5811 | D:6      | Reached XP level 9. HP: 48/67 MP: 12/12
  5897 | D:6      | Found a glowing golden altar of the Shining One.
  6240 | D:7      | Found a snail-covered altar of Cheibriados.
  6284 | D:7      | Noticed a deep elf mage
  6339 | D:7      | Killed a deep elf mage
  6340 | D:7      | Reached skill level 9 in Long Blades
  6340 | D:7      | Incinerated by a deep elf mage

Skill      XL: |  1  2  3  4  5  6  7  8  9 |
---------------+----------------------------+-----
Charms         | 3 5 6 7 |  7.7
Long Blades    | 4 5 6 8 9 |  9.2
Dodging        | 3 4 5 6 |  6.1
Fighting       | |  2.1
Spellcasting   | |  2.4

Action                   |  1- 3 |  4- 6 |  7- 9 || total
-------------------------+-------+-------+-------++-------
Melee: Long sword        |   153 |    65 |    41 ||   259
       Tailslap          |     9 |    30 |    60 ||    99
       Dagger            |       |   197 |   371 ||   568
       Short sword       |       |       |    41 ||    41
 Cast: Infusion          |     2 |       |       ||     2
Invok: Curse Item        |       |       |     2 ||     2
 Abil: Breathe Dispellin |       |       |     4 ||     4
Evoke: Wand              |       |       |     3 ||     3
  Use: Scroll            |     1 |     5 |     6 ||    12
       Potion            |       |       |     4 ||     4
 Stab: Sleeping          |       |       |     1 ||     1
  Eat: Chunk             |     4 |    12 |    18 ||    34
       Ration            |       |       |     1 ||     1
Armor: Skin              |    34 |    73 |   146 ||   253
Dodge: Dodged            |    94 |   157 |   324 ||   575
Block: Other             |       |       |     8 ||     8
